 Dungeon Crawl Stone Soup version 0.31.0-9-g3a7656b989 (webtiles) character file.

Game seed: 15001332357532365709

374 qw the Skirmisher (level 6, 0/35 HPs)
             Began as a Deep Elf Hunter on Feb 2, 2024.
             Slain by a gnoll
             ... wielding a +0 spear
              (2 damage)
             ... on level 3 of the Dungeon.
             The game lasted 00:00:11 (2176 turns).

qw the Skirmisher (Deep Elf Hunter)                 Turns: 2176, Time: 00:00:11

Health: 0/35       AC:  6    Str: 10    XL:     6   Next: 43%
Magic:  8/8        EV: 11    Int: 14    God:
Gold:   197        SH:  0    Dex: 18    Spells: 5/5 levels left

rFire   . . .        a - +0 shortbow
rCold   . . .        (shield currently unavailable)
rNeg    . . .        c - +0 ring mail
rPois   .            (no helmet)
rElec   .            b - +0 cloak
rCorr   .            (no gloves)
SInv    .            (no boots)
Will    .....        (no amulet)
Stlth   +            (no ring)
HPRegen 0.25/turn    (no ring)
MPRegen 0.11/turn

%: no passive effects
@: no status effects
A: no striking features
a: no special abilities


You were on level 3 of the Dungeon.
You visited 1 branch of the dungeon, and saw 3 of its levels.

You collected 197 gold pieces.


   Skills:
 - Level 2.1 Fighting
 + Level 9.9 Ranged Weapons
 - Level 2.5 Dodging
 - Level 1.2 Stealth


You had 5 spell levels left.
You didn't know any spells.
Your spell library was empty.

Inventory:

Hand Weapons
 a - a +0 shortbow (weapon)
Armour
 b - a +0 cloak (worn)
 c - a +0 ring mail (worn)
Wands
 f - a wand of flame (28)
Scrolls
 d - a scroll of enchant armour {unknown}
Potions
 h - 3 potions of might

Dungeon Overview and Level Annotations

Branches:
Dungeon (3/15)

Altars:
Trog
Yredelemnul

Shops:
D:1 *


Message History

You struggle against the net.
The gnoll hits you but does no damage. The gnoll hits you with a +0 club.
A gnoll comes into view. It is wielding a +0 whip.
You struggle against the net.
The gnoll hits you but does no damage. The gnoll barely misses you.
You struggle against the net.
The gnoll shouts!
The gnoll hits you from afar with a +0 spear.
The gnoll barely misses you.
You rip the net and break free!
The gnoll closely misses you. The gnoll barely misses you.
You shoot an arrow. The arrow closely misses the gnoll.
The gnoll hits you from afar with a +0 spear.
The gnoll hits you but does no damage.
You shoot an arrow. The arrow barely misses the gnoll.
The gnoll hits you but does no damage. The gnoll closely misses you.
You shoot an arrow. The arrow barely misses the gnoll.
The arrow hits the gnoll.
The gnoll is heavily wounded.
The gnoll hits you from afar with a +0 spear.
The gnoll hits you with a +0 club.
You shoot an arrow. The arrow hits the gnoll.
The gnoll is heavily wounded.
The gnoll hits you from afar with a +0 spear.
The gnoll hits you with a +0 club. The gnoll closely misses you.
You shoot an arrow. The arrow hits the gnoll.
The gnoll is almost dead.
The gnoll hits you but does no damage. The gnoll hits you with a +0 club.
The gnoll hits you with a +0 whip.
You shoot an arrow. The arrow hits the gnoll.
You kill the gnoll!
The gnoll closely misses you. The gnoll barely misses you.
You shoot an arrow. The arrow hits the gnoll.
The gnoll is moderately wounded.
The gnoll barely misses you. x2
The gnoll hits you from afar with a +0 spear.
The gnoll hits you with a +0 club.
You shoot an arrow. The arrow barely misses the gnoll.
The gnoll hits you but does no damage.
The gnoll hits you from afar with a +0 spear.
You die...

. .........
#.#........
##.#........
..#........
##..........
..g........
#.#g)......
##.#@........
#.............
#..#...........
###..............
#................
#####.###............
#....................
#####................
#.#####.....)....


You could see 2 gnolls.

Vanquished Creatures
  Grinder (D:3)
  Terence (D:3)
  Ijyb (D:3)
  2 gnolls (D:3)
  3 adders
  2 ribbon worms
  3 dart slugs
  2 orcs (D:3)
  8 endoplasms
  2 giant cockroaches
  6 hobgoblins
  4 jackals (D:1)
  8 kobolds
  3 quokkas
  9 ball pythons
  7 bats
  2 frilled lizards
  6 goblins
  6 rats
76 creatures vanquished.

Notes
Turn   | Place    | Note
-------+----------+-------------------------------------------
     0 | D:1      | qw the Deep Elf Hunter began the quest for the Orb.
     0 | D:1      | Reached XP level 1. HP: 12/12 MP: 3/3
     0 | D:1      | 0 ||| qw: Version: 0.3-a-155-g5e7d8dd
     0 | D:1      | 0 ||| qw: Game counter: 1923
     0 | D:1      | 0 ||| qw: Melee chars always use a shield: true
     0 | D:1      | 0 ||| qw: God list: Okawaru
     0 | D:1      | 0 ||| qw: Allow faded altars: false
     0 | D:1      | 0 ||| qw: Do Orc after clearing Dungeon:15 true
     0 | D:1      | 0 ||| qw: Do second Lair branch before Depths: true
     0 | D:1      | 0 ||| qw: Lair rune preference: random
     0 | D:1      | 0 ||| qw: Goals: Normal
     0 | D:1      | 0 ||| PLANNING D:1-11
   138 | D:1      | Reached XP level 2. HP: 16/16 MP: 4/4
   140 | D:1      | Reached skill level 6 in Ranged Weapons
   205 | D:1      | Found Vysamoll's Assorted Antiques.
   215 | D:1      | 215 ||| SHOPLISTING 3 scrolls labelled IBAEN YHIGAS (75
                  | gold, have 19).
   215 | D:1      | 215 ||| SHOPLISTING clear potion (22 gold, have 19).
   215 | D:1      | 215 ||| SHOPLISTING cloak (112 gold, have 19).
   215 | D:1      | 215 ||| SHOPLISTING fuming green potion (22 gold, have 19).
   215 | D:1      | 215 ||| SHOPLISTING scroll labelled ARAUDO BUFAVAQIGOU (25
                  | gold, have 19).
   215 | D:1      | 215 ||| SHOPLISTING scroll labelled LAOSOST MEMU (25 gold,
                  | have 19).
   215 | D:1      | 215 ||| SHOPLISTING scroll labelled UFEVATWAFU (25 gold,
                  | have 19).
   585 | D:1      | Reached XP level 3. HP: 20/20 MP: 5/5
   825 | D:1      | 825 ||| UPGRADING to +2 robe of willpower.
   835 | D:1      | 835 ||| DROPPING +0 leather armour.
   836 | D:1      | 836 ||| DROPPING ring of flight.
   837 | D:1      | 837 ||| READING 4 scrolls labelled PITUECHOEP.
   838 | D:1      | 838 ||| READING scroll labelled KULLUE DAS QEI.
   839 | D:1      | 839 ||| READING scroll labelled XUOMPEAPPO.
   840 | D:1      | 840 ||| READING scroll labelled ARAUDO BUFAVAQIGOU.
   840 | D:1      | 840 ||| IDENTIFYING yellow potion
   841 | D:1      | 841 ||| READING scroll labelled IBAEN YHIGAS.
   845 | D:1      | 845 ||| DRINKING 2 sedimented ruby potions.
   846 | D:1      | 846 ||| DROPPING scroll of butterflies.
   847 | D:1      | 847 ||| DROPPING 3 scrolls of fear.
   848 | D:1      | 848 ||| DROPPING potion of ambrosia.
   880 | D:2      | Reached skill level 7 in Ranged Weapons
   894 | D:2      | Found a faded altar of an unknown god.
  1363 | D:2      | Reached XP level 4. HP: 25/25 MP: 6/6
  1630 | D:2      | 1630 ||| UPGRADING to +0 cloak.
  1635 | D:2      | 1635 ||| READING 2 scrolls of identify.
  1635 | D:2      | 1635 ||| IDENTIFYING 3 fuming green potions
  1636 | D:2      | 1636 ||| READING scroll of identify.
  1636 | D:2      | 1636 ||| IDENTIFYING scroll labelled UFEVATWAFU
  1637 | D:2      | 1637 ||| READING scroll labelled SOEFIOTSIP.
  1738 | D:2      | 1738 ||| DROPPING scroll of fog.
  1756 | D:3      | Noticed Ijyb
  1758 | D:3      | 1758 ||| STAIRDANCE
  1780 | D:3      | HP: 4/25 [Ijyb/puff of flame (7)]
  1781 | D:3      | 1781 ||| DRINKING potion of heal wounds.
  1784 | D:3      | Killed Ijyb
  1785 | D:3      | Reached skill level 8 in Ranged Weapons
  1823 | D:3      | Noticed Grinder
  1828 | D:3      | Identified the +2 short sword of Hard Scrabble {heavy,
                  | rElec rF++ Will+}
  1846 | D:3      | 1846 ||| UPGRADING to +0 ring mail.
  1848 | D:3      | 1848 ||| UPGRADING to +0 ring mail.
  1865 | D:3      | 1865 ||| UPGRADING to +0 ring mail.
  1870 | D:3      | Paralysed by Grinder for 2 turns
  1872 | D:3      | Killed Grinder
  1873 | D:3      | Reached skill level 9 in Ranged Weapons
  1873 | D:3      | Reached XP level 5. HP: 27/29 MP: 7/7
  1873 | D:3      | Reached XP level 6. HP: 32/34 MP: 8/8
  1880 | D:3      | 1880 ||| DROPPING +2 robe of willpower.
  2020 | D:3      | Noticed Terence
  2034 | D:3      | Killed Terence
  2102 | D:3      | Found a basalt altar of Yredelemnul.
  2110 | D:3      | Found a bloodstained altar of Trog.
  2173 | D:3      | HP: 8/35 [gnoll/+0 club (2)]
  2175 | D:3      | HP: 3/35 [gnoll/+0 spear (5)]
  2176 | D:3      | Slain by a gnoll

Levels and vault maps discovered:
D:1:      minmay_arrival_jagged, layout_loops_ring, serial_shops, shop,
          minmay_box_of_dots
D:2:      layout_basic, ebering_ecumenical_altar_abandoned, grunt_ministairs_4
D:3:      minmay_skewed_foursquare, layout_basic, fedhas_altar_1,
          mainiacjoe_overflow_big_doors, uniq_grinder, uniq_ijyb, uniq_terence

Skill      XL: |  1  2  3  4  5  6 |
---------------+-------------------+-----
Ranged Weapons | 6 7 9 |  9.9
Fighting       | 2 |  2.1
Dodging        | |  2.5
Stealth        | |  1.2

Action                     |  1- 3 |  4- 6 || total
---------------------------+-------+-------++-------
   Fire: Shortbow          |   124 |   128 ||   252
    Use: Scroll            |     5 |     3 ||     8
         Potion            |     1 |     1 ||     2
 Armour: Leather armour    |    26 |       ||    26
         Robe              |     3 |    10 ||    13
         Ring mail         |       |    38 ||    38
  Dodge: Dodged            |    50 |    41 ||    91

Table legend:
 A = Non-vault XP
 B = Vault XP
 C = Vault XP percentage of total XP
 D = Non-vault monster count
 E = Vault monster count
 F = Vault count percentage of total count
                 A         B        C        D         E       F
            +---------+---------+-------+---------+---------+-------
      Total |     160 |     375 |  70.1 |      64 |      12 |  15.8
            +---------+---------+-------+---------+---------+-------
        D:1 |      57 |       3 |   5.0 |      33 |       2 |   5.7
        D:2 |      60 |       7 |  10.4 |      22 |       2 |   8.3
        D:3 |      43 |     365 |  89.5 |       9 |       8 |  47.1
            +---------+---------+-------+---------+---------+-------
